 Dungeon Crawl Stone Soup version 0.22.1-2-g9c5b331 (webtiles) character file.

681 PaladinM the Carver (level 7, -2/52 HPs)
             Began as a Human Fighter on Nov 25, 2018.
             Slain by a water moccasin (8 damage)
             ... on level 5 of the Dungeon.
             The game lasted 00:11:04 (4314 turns).

PaladinM the Carver (Human Fighter)                 Turns: 4314, Time: 00:11:05

Health: -2/52      AC: 13    Str: 18    XL:     7   Next: 92%
Magic:  7/7        EV:  4    Int:  8    God:
Gold:   323        SH:  9    Dex: 13    Spells: 6/6 levels left

rFire    . . .     SeeInvis .   a - +0 long sword
rCold    . . .     Gourm    .   c - +0 shield
rNeg     . . .     Faith    .   r - +0 chain mail
rPois    .         Spirit   .   l - +1 helmet
rElec    .         Reflect  .   z - +0 cloak
rCorr    .         Harm     +   (no gloves)
MR       .....                  m - +0 pair of boots
Stlth    ..........             B - amulet of harm
HPRegen  0.17/turn              (no ring)
MPRegen  0.10/turn              (no ring)

@: lethally poisoned (-2 -> -14)
A: no striking features
a: no special abilities


You were on level 5 of the Dungeon.
You were hungry.

You visited 1 branch of the dungeon, and saw 5 of its levels.

You collected 323 gold pieces.

Inventory:

Hand Weapons
 a - a +0 long sword (weapon)
Armour
 c - a +0 shield (worn)
 l - a +1 helmet (worn)
 m - a +0 pair of boots (worn)
 r - a +0 chain mail (worn)
 t - a scarf of cloud immunity
 z - a +0 cloak (worn)
Jewellery
 B - an amulet of harm (around neck)
Wands
 b - a wand of polymorph (12)
Scrolls
 e - a scroll of random uselessness {unknown}
 h - a scroll of noise {unknown}
 i - 2 scrolls of fear
 k - 2 scrolls of enchant weapon {unknown}
 n - 3 scrolls of identify {unknown}
 p - a scroll of remove curse
 q - 3 scrolls of magic mapping {unknown}
 u - 2 scrolls of teleportation {unknown}
 x - a scroll of blinking {unknown}
 y - a scroll of immolation {unknown}
Potions
 d - 2 potions of might
 g - a potion of flight {unknown}
 j - 5 potions of agility {unknown}
 o - 5 potions of lignification {unknown}
 s - a potion of degeneration {unknown}
 v - a potion of berserk rage {unknown}
 w - a potion of curing {unknown}
Comestibles
 f - 10 rations


   Skills:
 - Level 3.0 Fighting
 + Level 8.3 Long Blades
 - Level 3.0 Armour
 - Level 3.0 Shields


You had 6 spell levels left.
You didn't know any spells.
Your spell library was empty.

Dungeon Overview and Level Annotations

Branches:
Dungeon (5/15)
 Temple: D:4-7

Altars:
Qazlal


Message History

The water moccasin is heavily wounded.
The water moccasin bites you.
You are poisoned.
The water moccasin poisons you!
You closely miss the water moccasin.
The water moccasin is heavily wounded.
You feel sick. The water moccasin bites you.
The water moccasin bites you but does no damage.
You hit the water moccasin but do no damage.
The water moccasin is heavily wounded.
You feel sick. The water moccasin bites you!
* * * LOW HITPOINT WARNING * * *
You are lethally poisoned!
The water moccasin poisons you!
You closely miss the water moccasin.
The water moccasin is heavily wounded.
* * * LOW HITPOINT WARNING * * *
You feel sick. The water moccasin barely misses you.
The water moccasin bites you!
You die...

#### ##.#.#.######
.... #......# #..#
##)# #..# #<)#
#.#####..# #### .
#.#......# # ..
#.##.#...#.#.# ....
#.##.#..@S...#
.....##.##.#.#.#.###
...........#...# ..
....###....##### ...
...........# ..#
###+###...#### .#
......+..># .
..#.#.#...######
..#.#.#........#


You could see a water moccasin.

Vanquished Creatures
  An ogre (D:4)
  A centaur (D:4)
  2 scorpions (D:5)
  A centaur zombie (D:5)
  A hound (D:5)
  2 orc priests (D:4)
  An iguana (D:4)
  Natasha (thrice) (D:3)
  2 worker ants
  A howler monkey zombie (D:5)
  7 adders
  An ooze (D:4)
  3 worms
  3 dart slugs
  10 orcs
  4 bats
  5 goblins
  7 hobgoblins
  2 jackals (D:3)
  6 kobolds
  4 frilled lizards
  A giant cockroach zombie (D:5)
  6 rats
74 creatures vanquished.

Notes
Turn   | Place    | Note
-------+----------+-------------------------------------------
     0 | D:1      | PaladinM the Human Fighter began the quest for the Orb.
     0 | D:1      | Reached XP level 1. HP: 18/18 MP: 1/1
   145 | D:1      | Reached XP level 2. HP: 16/24 MP: 2/2
   371 | D:1      | Reached skill level 3 in Long Blades
   634 | D:2      | Reached XP level 3. HP: 26/29 MP: 3/3
  1305 | D:3      | Reached skill level 4 in Long Blades
  1305 | D:3      | Reached XP level 4. HP: 35/35 MP: 4/4
  1335 | D:3      | Noticed Natasha
  1342 | D:3      | Killed Natasha
  1364 | D:3      | Found a stormy altar of Qazlal.
  1399 | D:3      | Noticed Natasha
  1408 | D:3      | Killed Natasha
  1408 | D:3      | Reached XP level 5. HP: 21/41 MP: 5/5
  1818 | D:3      | Noticed Natasha
  1826 | D:3      | Killed Natasha
  1826 | D:3      | Reached skill level 5 in Long Blades
  2392 | D:4      | Noticed an ogre
  2425 | D:4      | Killed an ogre
  2425 | D:4      | Reached skill level 6 in Long Blades
  2425 | D:4      | Reached XP level 6. HP: 24/47 MP: 6/6
  2902 | D:5      | Entered Level 5 of the Dungeon
  3173 | D:4      | Reached skill level 7 in Long Blades
  3173 | D:4      | Reached XP level 7. HP: 32/52 MP: 7/7
  4236 | D:5      | Reached skill level 8 in Long Blades
  4302 | D:5      | Noticed a water moccasin
  4314 | D:5      | Slain by a water moccasin

Skill      XL: |  1  2  3  4  5  6  7 |
---------------+----------------------+-----
Long Blades    | 3 4 6 7 8 |  8.3
Fighting       | |  3.0
Armour         | |  3.0
Shields        | |  3.0

Action                   |  1- 3 |  4- 6 |  7- 9 || total
-------------------------+-------+-------+-------++-------
Melee: Long sword        |   117 |   141 |    92 ||   350
  Use: Scroll            |     3 |       |     1 ||     4
  Eat: Chunk             |     1 |     1 |     2 ||     4
       Ration            |       |     2 |       ||     2
Armor: Scale mail        |    60 |       |       ||    60
       Chain mail        |     9 |    93 |    40 ||   142
Dodge: Dodged            |    35 |    29 |     6 ||    70
Block: Shield            |    51 |    58 |    41 ||   150
       Rpst.: Long sword |     9 |     7 |     1 ||    17
